 Dungeon Crawl Stone Soup version 0.22.1-6-g1668fe2 (webtiles) character file.

567 doot the Sneak (level 7, -2/47 HPs)
             Began as a Vampire Enchanter on Jan 24, 2019.
             Slain by an ogre
             ... wielding a +0 giant club
              (16 damage)
             ... on level 4 of the Dungeon.
             The game lasted 00:13:56 (4588 turns).

doot the Sneak (Vampire Enchanter)                  Turns: 4588, Time: 00:13:56

Health: -2/47      AC:  5    Str:  7    XL:     7   Next: 11%
Magic:  2/12       EV: 12    Int: 19    God:
Gold:   164        SH:  0    Dex: 15    Spells: 2/13 levels left

rFire    . . .     SeeInvis +   a - +2 dagger
rCold    . . .     Gourm    .   (no shield)
rNeg     + . .     Faith    .   b - +0 robe
rPois    .         Spirit   .   (no helmet)
rElec    .         Reflect  .   r - +0 cloak
rCorr    .         Harm     .   k - +1 pair of gloves
MR       .....                  (no boots)
Stlth    +++.......             (no amulet)
HPRegen  0.15/turn              (no ring)
MPRegen  0.13/turn              (no ring)

@: drained
A: fangs 3, see invisible, unbreathing
a: Bat Form


You were on level 4 of the Dungeon.
You were not thirsty.

You visited 1 branch of the dungeon, and saw 4 of its levels.

You collected 164 gold pieces.

Inventory:

Hand Weapons
 a - a +2 dagger (weapon)
 d - a +0 blowgun
 s - the +1 mace of Context {freeze, *Noise *Drain rC++ Int+4}
   (You found it on level 4 of the Dungeon)

   It has been specially enchanted to freeze those struck by it, causing extra
   injury to most foes and up to half again as much damage against particularly
   susceptible opponents.
   It can also slow down cold-blooded creatures.
   It affects your intelligence (+4).
   It greatly protects you from cold.
   It may make noises in combat.
   It causes draining when unequipped.
Missiles
 p - 20 poisoned needles
Armour
 b - a +0 robe (worn)
 k - a +1 pair of gloves (worn)
 r - a +0 cloak (worn)
Scrolls
 i - 2 scrolls of remove curse
 o - 3 scrolls of identify
Potions
 e - a potion of ambrosia
 g - 2 potions of lignification
 l - 3 potions of degeneration {unknown}
 m - a potion of brilliance {unknown}
 n - 2 potions of curing {unknown}
 q - 7 potions of blood


   Skills:
 + Level 0.6(0.0) Fighting
 + Level 2.1(1.1) Short Blades
 + Level 0.2(0.0) Maces & Flails
 + Level 3.1(2.0) Dodging
 + Level 7.3(6.2) Stealth
 + Level 3.9(2.9) Spellcasting
 + Level 6.8(5.7) Hexes
 + Level 2.1(1.1) Ice Magic


You had 2 spell levels left.
You knew the following spells:

 Your Spells              Type           Power        Failure   Level  Hunger
b - Ensorcelled Hibernat  Hex/Ice        ###...       6%          2    ##.....
c - Confuse               Hex            ###.....     4%          3    ###....
d - Tukima's Dance        Hex            ###.....     4%          3    ###....
e - Dazzling Spray        Conj/Hex       ##....       14%         3    ###....

Your spell library contained the following spells:

 Spells                   Type           Power        Failure   Level  Hunger
 Corona                   Hex            ###....      1%          1    None


Dungeon Overview and Level Annotations

Branches:
Dungeon (4/15)
 Temple: D:4-7

Altars:
Ashenzari
Gozag
Okawaru
Trog
Wu Jian
The Shining One

Annotations:
D:4 Pikel


Innate Abilities, Weirdness & Mutations

You have razor-sharp teeth.
You have supernaturally acute eyesight. (SInv)
You can survive without breathing.


Message History

Unknown command.
Press < or > to pray at altars.
Your transformation has ended.
Your +2 dagger unmelds from your body.
Your +0 cloak unmelds from your body.
Your +1 pair of gloves unmelds from your body.
Your +0 robe unmelds from your body.
The ogre closely misses you.
Casting: Ensorcelled Hibernation (safe; 6% risk of failure)
Confirm with . or Enter, or press ? or * to list all spells.
Okay, then.
Unknown command.
Press < or > to pray at altars.
You hit the ogre.
The ogre is lightly wounded.
You hit the ogre.
The ogre is lightly wounded.
The ogre misses you.
You barely miss the ogre.
The ogre is lightly wounded.
The ogre hits you with a giant club!
You die...

.#.#.# #.#*,,,**
)#.#.######.#.#...#*
.#.#.##......##....*
.#.#.##.#####.#...###
.#.#.##.# *##.....#
##.#.##(# #.....##
##.#.##.# *......#
...)....# ######...#
#############..O@#o..#
#####.....)...####...#
......#########......#
####### #.....##
#.....# #...### #####


You could see an ogre and an orc.

Vanquished Creatures
  Sigmund (D:3)
  2 slaves (D:4)
  An ogre (D:4)
  A howler monkey (D:4)
  2 orc priests
  An orc wizard (D:4)
  A worker ant (D:4)
  A hound skeleton (D:4)
  10 adders
  2 oozes
  A worm (D:3)
  2 dart slugs
  4 leopard geckos
  8 orcs
  A ball python (D:3)
  5 giant cockroaches (D:3)
  2 goblins
  4 hobgoblins
  3 jackals (D:3)
  A quokka (D:2)
  5 bats
  4 frilled lizards
  5 kobolds
  4 rats
71 creatures vanquished.

Notes
Turn   | Place    | Note
-------+----------+-------------------------------------------
     0 | D:1      | doot the Vampire Enchanter began the quest for the Orb.
     0 | D:1      | Reached XP level 1. HP: 13/13 MP: 3/3
   376 | D:1      | Reached XP level 2. HP: 19/19 MP: 3/5
   384 | D:1      | Learned a level 2 spell: Ensorcelled Hibernation
  1123 | D:2      | Reached skill level 5 in Hexes
  1174 | D:2      | Reached skill level 5 in Stealth
  1692 | D:2      | Found a glowing golden altar of the Shining One.
  1771 | D:2      | Reached XP level 3. HP: 24/24 MP: 4/6
  2502 | D:2      | Learned a level 3 spell: Confuse
  2538 | D:3      | Reached XP level 4. HP: 27/30 MP: 0/7
  3170 | D:3      | Noticed Sigmund
  3184 | D:3      | Killed Sigmund
  3184 | D:3      | Reached skill level 6 in Stealth
  3184 | D:3      | Reached skill level 1 in Ice Magic
  3184 | D:3      | Reached XP level 5. HP: 36/36 MP: 2/10
  3212 | D:3      | Reached XP level 6. HP: 42/42 MP: 5/11
  3676 | D:3      | Learned a level 3 spell: Tukima's Dance
  3680 | D:3      | Learned a level 3 spell: Dazzling Spray
  3744 | D:3      | Found an opulent altar of Gozag.
  3744 | D:3      | Found a bloodstained altar of Trog.
  3879 | D:4      | Found an iron altar of Okawaru.
  3948 | D:4      | Noticed a slave
  3951 | D:4      | Noticed a slave
  3952 | D:4      | Noticed Pikel
  3952 | D:4      | Noticed a slave
  3978 | D:4      | Killed a slave
  4299 | D:4      | Got a translucent mace
  4301 | D:4      | Identified the +1 mace of Context {freeze, *Noise *Drain
                  | rC++ Int+4} (You found it on level 4 of the Dungeon)
  4312 | D:4      | Found a shattered altar of Ashenzari.
  4346 | D:4      | Noticed a slave
  4413 | D:4      | Killed a slave
  4463 | D:4      | Found an ornate altar of the Wu Jian Council.
  4476 | D:4      | Reached skill level 7 in Stealth
  4529 | D:4      | Reached XP level 7. HP: 27/47 MP: 3/12
  4588 | D:4      | Slain by an ogre

Skill      XL: |  1  2  3  4  5  6 |
---------------+-------------------+-----
Hexes          | 5 6 |  6.8
Stealth        | 5 6 7 |  7.3
Short Blades   | 2 |  2.1
Spellcasting   | 3 |  3.9
Ice Magic      | 1 2 |  2.1
Dodging        | 3 |  3.1
Fighting       | |  0.6
Maces & Flails | |  0.2

Action                   |  1- 3 |  4- 6 |  7- 9 || total
-------------------------+-------+-------+-------++-------
Melee: Dagger            |    89 |   116 |     3 ||   208
       Bite              |     7 |    12 |       ||    19
       Mace              |       |     7 |       ||     7
 Cast: Corona            |    16 |     2 |       ||    18
       Ensorcelled Hiber |    20 |    49 |     3 ||    72
       Confuse           |       |    12 |       ||    12
 Abil: End Transformatio |     1 |       |     1 ||     2
       Bat Form          |     1 |       |     1 ||     2
  Use: Potion            |     8 |     9 |       ||    17
       Scroll            |       |     2 |     5 ||     7
 Stab: Sleeping          |    14 |    35 |       ||    49
       Confused          |       |     3 |       ||     3
  Eat: Corpse            |       |     2 |       ||     2
Armor: Robe              |    17 |    23 |       ||    40
       Skin              |    13 |       |       ||    13
Dodge: Dodged            |    60 |    71 |     5 ||   136
